 Dungeon Sprint DCSS version 0.14-a0-3345-g9255d23 (webtiles) character file.

195 BluebellGnoll the Thaumaturge (level 5, -1/42 HPs)
             Began as a Deep Elf Air Elementalist on Mar 17, 2014.
             Was a Believer of Sif Muna.
             Slain by a wraith (6 damage)
             ... in the Dungeon (Sprint IX: "|||||||||||||||||||||||||||||").
             The game lasted 00:04:14 (329 turns).

BluebellGnoll the Thaumaturge (DEAE)                 Turns: 329, Time: 00:04:14

HP  -1/42        AC  5     Str 10      XL: 5   Next: 45%
MP  18/24        EV 15     Int 21      God: Sif Muna [**....]
Gold 0           SH  0     Dex 15      Spells:  4 memorised, 16 levels left

rFire  . . .     SeeInvis .     r - +2 cutlass (elec)
rCold  . . .     Clarity  .     a - +0 robe
rNeg   . . .     Conserve .     (no shield)
rPois  .         rCorr    .     (no helmet)
rElec  .         rRot     .     (no cloak)
SustAb . .       Spirit   .     q - +0 pair of gloves
rMut   .         Warding  .     (no boots)
Saprov . . .     NoTele   +     (no amulet)
MR     .....                    p - +2 ring of evasion
                                o - +2 ring of protection

@: berserking (expiring), slowed, very slow, not resistant to hostile
enchantments, extremely unstealthy
A: no striking features
a: Channel Energy, Forget Spell, Renounce Religion


You were in the Dungeon.
You worshipped Sif Muna.
Sif Muna was pleased with you.
You were not hungry.

You visited 1 branch

Inventory:

Hand weapons
 r - a +2,+2 cutlass of electrocution (weapon)
Armour
 a - a +0 robe (worn)
 q - a +0 pair of gloves (worn)
Magical devices
 n - a wand of draining (4)
Comestibles
 c - a bread ration
Scrolls
 i - 2 scrolls of blinking
 l - 2 scrolls of remove curse
 m - 2 scrolls of amnesia
Jewellery
 o - a +2 ring of protection (left hand)
 p - a +2 ring of evasion (right hand)
Potions
 d - 5 potions of curing
 e - 3 potions of heal wounds
 f - a potion of haste
 g - 4 potions of magic
 k - a potion of invisibility
Books
 b - a book of Air

   Spells                             Type                      Level
   *Shock                             Conjuration/Air              1
   *Swiftness                         Charms/Air                   2
   *Repel Missiles                    Charms/Air                   2
   Flight                             Charms/Air                   3
   *Static Discharge                  Conjuration/Air              3
   Lightning Bolt                     Conjuration/Air              5


   Skills:
 - Level 2.4 Dodging
 - Level 2.4 Stealth
 - Level 10.0 Spellcasting
 + Level 9.4 Conjurations
 - Level 3.0 Air Magic


You had 16 spell levels left.
You knew the following spells:

 Your Spells              Type           Power        Failure   Level  Hunger
a - Shock                 Conj/Air       ####         1%          1    None
b - Swiftness             Chrm/Air       ###.....     6%          2    None
c - Static Discharge      Conj/Air       #####...     1%          3    None
d - Repel Missiles        Chrm/Air       ###...       6%          2    None


Dungeon Overview and Level Annotations

Branches:
Dungeon (1/1)

Altars:
Ashenzari
Cheibriados
Dithmenos
Elyvilon
Fedhas
Kikubaaqudgha
Makhleb
Nemelex Xobeh
Okawaru
Sif Muna
Trog
Vehumet
Xom
Yredelemnul
Zin
The Shining One


Message History

The wraith hits you but does no damage. The wraith misses you.
You closely miss the wraith.
The wraith is moderately damaged.
The wraith barely misses you.
You completely miss the wraith.
The wraith is moderately damaged.
The wraith misses you.
You slash the wraith!
The wraith is severely damaged.
The wraith hits you. The wraith drains your vigor!
You feel as though you will be slow longer.
You hit the wraith.
The wraith is severely damaged.
The wraith hits you!
* * * LOW HITPOINT WARNING * * *
You hit the wraith.
The wraith is almost destroyed.
You start to feel a little faster.
The wraith hits you.
You die...

▓_▓
▓_▓
▓_▓
▓_▓
▓_▓
▓_▓
▓_▓
▓_▓
▓@▓
▓W▓
▓C▓
▓F▓
▓c▓
▓)▓
▓%▓
▓.▓
▓[▓


You could see a hill giant, a wraith, a giant frog and a centaur.

Vanquished Creatures
  A hippogriff (D)
  2 iguanas (D)
  A worker ant (D)
  An ooze (D)
  A hobgoblin (D)
  A kobold (D)
  3 bats (D)
  A giant newt (D)
  A goblin (D)
12 creatures vanquished.

Notes
Turn   | Place    | Note
--------------------------------------------------------------
     0 | D        | BluebellGnoll, the Deep Elf Air Elementalist, began the quest for the Orb.
     0 | D        | Reached XP level 1. HP: 10/10 MP: 5/5
     8 | D        | Reached skill level 4 in Spellcasting
    10 | D        | Reached skill level 5 in Spellcasting
   182 | D        | Noticed an iguana
   182 | D        | Noticed a worker ant
   191 | D        | Killed an iguana
   191 | D        | Reached skill level 8 in Spellcasting
   191 | D        | Reached XP level 2. HP: 15/15 MP: 4/15
   191 | D        | Reached XP level 3. HP: 19/19 MP: 4/18
   193 | D        | Killed a worker ant
   193 | D        | Reached skill level 10 in Spellcasting
   204 | D        | Learned a level 2 spell: Swiftness
   208 | D        | Learned a level 3 spell: Static Discharge
   211 | D        | Learned a level 2 spell: Repel Missiles
   215 | D        | Found a burning altar of Makhleb.
   215 | D        | Found a bloodstained altar of Trog.
   215 | D        | Found a shattered altar of Ashenzari.
   215 | D        | Found a blossoming altar of Fedhas.
   215 | D        | Found a sparkling altar of Nemelex Xobeh.
   215 | D        | Found a basalt altar of Yredelemnul.
   215 | D        | Found an iron altar of Okawaru.
   216 | D        | Found a glowing golden altar of the Shining One.
   217 | D        | Found a deep blue altar of Sif Muna.
   218 | D        | Found a snail-covered altar of Cheibriados.
   219 | D        | Found a shadowy altar of Dithmenos.
   220 | D        | Found a radiant altar of Vehumet.
   221 | D        | Found a glowing silver altar of Zin.
   222 | D        | Found a shimmering altar of Xom.
   223 | D        | Found a white marble altar of Elyvilon.
   224 | D        | Found an ancient bone altar of Kikubaaqudgha.
   225 | D        | Found a snail-covered altar of Cheibriados.
   226 | D        | Became a worshipper of Sif Muna the Loreminder
   227 | D        | Found a basalt altar of Yredelemnul.
   306 | D        | Noticed a hippogriff
   306 | D        | Noticed a wraith
   306 | D        | Noticed a hill giant
   306 | D        | Noticed an iguana
   306 | D        | Noticed a giant frog
   306 | D        | Noticed a centaur
   309 | D        | Killed an iguana
   309 | D        | Reached XP level 4. HP: 24/24 MP: 19/22
   315 | D        | Killed a hippogriff
   315 | D        | Acquired Sif Muna's first power
   315 | D        | Acquired Sif Muna's second power
   315 | D        | Reached XP level 5. HP: 26/28 MP: 20/24
   329 | D        | Slain by a wraith

Action                   |  1- 3 |  4- 6 || total
-------------------------+-------+-------++-------
Melee: Unarmed           |     2 |       ||     2
       Cutlass           |       |     5 ||     5
 Cast: Shock             |    10 |     3 ||    13
       Swiftness         |     1 |       ||     1
       Static Discharge  |       |     1 ||     1
Evoke: Wand              |     1 |     2 ||     3
  Use: Scroll            |     1 |       ||     1
       Potion            |       |     1 ||     1
